 Dungeon Sprint DCSS version 0.23.2-33-g5129a83184 (webtiles) character file.

Game seed: 3965635052784108035

710 Groucho the Unseen (level 7, -5/31 (32) HPs)
             Began as a Spriggan Enchanter on July 17, 2019.
             Slain by a shadow imp (6 damage)
             ... summoned by a neqoxec
             ... in the Dungeon (Sprint II: "The Violet Keep of Menkaure").
             The game lasted 00:03:31 (204 turns).

Groucho the Unseen (Spriggan Enchanter)              Turns: 204, Time: 00:03:31

HP:   -5/31 (32)    AC:  2    Str:  4      XL:     7   Next: 40%
MP:   0/21          EV: 23    Int: 15 (17) God:
Gold: 0             SH:  0    Dex: 18      Spells: 13/25 levels left

rFire    . . .     SeeInvis +   a - +1 dagger
rCold    . . .     Gourm    .   (shield restricted)
rNeg     . . .     Faith    .   b - +0 robe
rPois    .         Spirit   .   (helmet restricted)
rElec    .         Reflect  .   (no cloak)
rCorr    .         Harm     .   (gloves unavailable)
MR       +....     NoTele   +   (boots unavailable)
Stlth    ++++++....             (no amulet)
HPRegen  0.10/turn              (no ring)
MPRegen  0.17/turn              (no ring)

@: very quick
A: very small, unfitting armour, see invisible, herbivore, speed 3, slow
metabolism 2
a: no special abilities


You were in the Dungeon.
You were not hungry.

You visited 1 branch

Inventory:

Hand Weapons
 a - a +1 dagger (weapon)
Armour
 b - a +0 robe (worn)
Scrolls
 j - a scroll of blinking
Potions
 h - a potion of magic
Comestibles
 d - a ration


   Skills:
 + Level 4.7 Short Blades
 + Level 6.8 Dodging
 - Level 15.1 Stealth
 + Level 9.9 Spellcasting
 + Level 10.2 Hexes


You had 13 spell levels left.
You knew the following spells:

 Your Spells              Type           Power        Failure   Level  Hunger
a - Corona                Hex            #####..      1%          1    None
b - Ensorcelled Hibernat  Hex/Ice        ###...       1%          2    None
c - Confuse               Hex            #####...     1%          3    #......
d - Dazzling Spray        Conj/Hex       ###...       3%          3    #......
e - Tukima's Dance        Hex            #####...     1%          3    #......

Your spell library contained the following spells:

 Spells                   Type           Power        Failure   Level  Hunger


Dungeon Overview and Level Annotations

Branches:
Dungeon (1/1)

Altars:


Innate Abilities, Weirdness & Mutations

You are very small and have problems with some larger weapons.
You are too small for most types of armour.
You have supernaturally acute eyesight. (SInv)
You are a herbivore.
You cover ground extremely quickly.
You need to consume almost no food.


Message History

Confirm with . or Enter, or press ? or * to list all spells.
Aiming: Confuse (safe; 1% risk of failure)
Press: ? - help, Shift-Dir - straight line, f/p - neqoxec
Aim: a neqoxec (lightly wounded, chance to defeat MR: 49%)
The neqoxec appears confused.
Casting: Confuse (safe; 1% risk of failure)
Confirm with . or Enter, or press ? or * to list all spells.
Aiming: Confuse (safe; 1% risk of failure)
Press: ? - help, Shift-Dir - straight line, f - shadow imp, p - neqoxec
Aim: a shadow imp (heavily wounded, summoned, chance to defeat MR: 73%)
The shadow imp struggles to resist.
The neqoxec hits the shadow imp but does no damage.
There is a staircase leading out of the dungeon, spattered with blood here.
Casting: Confuse (safe; 1% risk of failure)
Confirm with . or Enter, or press ? or * to list all spells.
You don't have enough magic to cast that spell.
Unknown command.
You see here a necrophage corpse.
The shadow imp hits you.
You die...

##+##
##.#.##
#..#..#
####.$.##
# #.###†##
H#
#.##†##.#
#3'@5.+#
#..##.##H#
#.# #+# .#
## #


You could see a neqoxec (confused) and a shadow imp.

Vanquished Creatures
  3 neqoxecs (D)
  4 necrophages (D)
7 creatures vanquished.

Vanquished Creatures (others)
  A crocodile (D)
1 creature vanquished.

Grand Total: 8 creatures vanquished

Notes
Turn   | Place    | Note
-------+----------+-------------------------------------------
     0 | D        | Groucho the Spriggan Enchanter began the quest for the Orb.
     0 | D        | Reached XP level 1. HP: 9/9 MP: 5/5
     1 | D        | Noticed a hippogriff
     1 | D        | Noticed a hippogriff
     4 | D        | Noticed a necrophage
     4 | D        | Noticed a necrophage
     4 | D        | Noticed a necrophage
     4 | D        | Noticed a necrophage
    10 | D        | Killed a necrophage
    10 | D        | Reached skill level 10 in Stealth
    10 | D        | Reached skill level 5 in Spellcasting
    10 | D        | Reached XP level 2. HP: 13/13 MP: 5/9
    10 | D        | Reached XP level 3. HP: 16/16 MP: 6/11
    10 | D        | Reached XP level 4. HP: 21/21 MP: 6/12
    18 | D        | Killed a necrophage
    18 | D        | Reached skill level 12 in Stealth
    18 | D        | Reached XP level 5. HP: 24/24 MP: 6/15
    23 | D        | Killed a necrophage
    23 | D        | Reached skill level 13 in Stealth
    27 | D        | Learned a level 2 spell: Ensorcelled Hibernation
    48 | D        | Killed a crocodile
    66 | D        | Learned a level 3 spell: Confuse
    73 | D        | Killed a necrophage
    73 | D        | Reached skill level 14 in Stealth
    73 | D        | Reached XP level 6. HP: 19/27 MP: 11/18
    78 | D        | Learned a level 3 spell: Dazzling Spray
    82 | D        | Learned a level 3 spell: Tukima's Dance
   162 | D        | Noticed a neqoxec
   162 | D        | Noticed a neqoxec
   162 | D        | Noticed a neqoxec
   162 | D        | Noticed a neqoxec
   164 | D        | Killed a neqoxec
   164 | D        | Reached skill level 15 in Stealth
   181 | D        | Killed a neqoxec
   181 | D        | Reached skill level 5 in Dodging
   181 | D        | Reached XP level 7. HP: 23/31 MP: 7/21
   188 | D        | Killed a neqoxec
   188 | D        | Reached skill level 10 in Hexes
   196 | D        | HP: 1/31 [neqoxec (12)]
   204 | D        | Slain by a shadow imp

Skill      XL: |  1  2  3  4  5  6  7 |
---------------+----------------------+-----
Stealth        | 10 12 14 15 | 15.1
Spellcasting   | 5 6 8 9 |  9.9
Hexes          | 6 7 8 9 10 | 10.2
Short Blades   | 3 4 |  4.7
Dodging        | 5 6 |  6.8

Action                   |  1- 3 |  4- 6 |  7- 9 || total
-------------------------+-------+-------+-------++-------
Melee: Dagger            |     5 |    29 |     6 ||    40
 Cast: Confuse           |       |     4 |     8 ||    12
       Ensorcelled Hiber |       |     2 |     1 ||     3
       Dazzling Spray    |       |       |     1 ||     1
  Use: Potion            |     1 |     3 |     1 ||     5
 Stab: Confused          |       |     3 |     1 ||     4
       Sleeping          |       |     1 |     1 ||     2
Armor: Robe              |       |     2 |       ||     2
Dodge: Dodged            |     3 |    21 |    12 ||    36
